cohdb
Replays
Latest Replays
All Replays
Popular Replays
Top Player Replays
Match Explorer
How It Works
Community
CoH3 Stats
Reddit
Sign in to upload your games and track your stats! →
Sign in with Steam
Match 43288283
Unlisted
Match 43288283
Overview
Messages
Build Orders
End
Pioneer Squad
Construct Infanterie Kompanie
Selects Breakthrough Battlegroup
Selects Assault Grenadiers
Grenadier Squad
MG 42 Machine Gun Team
Grenadier Squad
Infanterie Officer Quarters
Grenadier Squad
Construct Luftwaffe Kompanie
Selects Breakthrough
221 Scout Car
Selects Mechanized Assault Group
Mechanized Assault Group
Selects Rapid Production
Construct Panzer Kompanie
Selects Blitzkrieg
el campo
MaXiS
AustrianPainter
TechBee
0
0
Comments
sign in to comment!
No comments posted yet!